 Dungeon Crawl Stone Soup version 0.29.0-15-g675c0067aa (webtiles) character file.

Game seed: 2234292694077794893

18 qw the Sneak (level 2, -4/19 HPs)
             Began as a Gargoyle Delver on Sept 11, 2022.
             Slain by a lemure (6 damage)
             ... led by Pikel
             ... on level 5 of the Dungeon.
             The game lasted 00:00:06 (286 turns).

qw the Sneak (Gargoyle Delver)                       Turns: 286, Time: 00:00:07

Health: -4/19      AC:  5    Str: 15    XL:     2   Next: 70%
Magic:  2/2        EV: 11    Int: 10    God:
Gold:   0          SH:  0    Dex: 11    Spells: 1/1 levels left

rFire   . . .      SeeInvis .   a - +0 hand axe
rCold   . . .      Faith    .   (no shield)
rNeg    + . .      Spirit   .   b - +0 leather armour
rPois   inf        Reflect  .   (no helmet)
rElec   +          Harm     .   (no cloak)
rCorr   .          Rampage  .   (no gloves)
Will    .....                   (no boots)
Stlth   +++.......              (no amulet)
HPRegen 0.06/turn               (no ring)
MPRegen 0.08/turn               (no ring)

@: no status effects
A: sickness immunity, AC +2, negative energy resistance 1, electricity
resistance, torment resistance 1, petrification resistance
a: no special abilities


You were on level 5 of the Dungeon.
You visited 1 branch of the dungeon, and saw 1 of its levels.


Innate Abilities, Weirdness & Mutations

You are immune to sickness and miasma.
Your stone body is resilient. (AC +2)
You are immune to poison.
You resist negative energy. (rN+)
You are resistant to electric shocks. (rElec)
You are resistant to unholy torment.
You are immune to petrification.


   Skills:
 - Level 3.2 Fighting
 + Level 2.9 Axes
 - Level 1.5 Dodging
 - Level 5.4 Stealth


You had one spell level left.
You didn't know any spells.
Your spell library was empty.

Inventory:

Hand Weapons
 a - a +0 hand axe (weapon)
Armour
 b - a +0 leather armour (worn)
Wands
 g - a wand of digging (3)
Potions
 f - a potion of haste
 h - a potion of heal wounds {unknown}

Dungeon Overview and Level Annotations

Branches:
Dungeon (5/15)
 Temple: D:4-7

Altars:

Annotations:
D:5 Pikel


Message History

Enter note:
270 ||| DROPPING scroll of fog.
You drop a scroll of fog.
271 ||| DROPPING scroll of magic mapping.
You drop a scroll of magic mapping.
272 ||| DROPPING scroll of fear.
You drop a scroll of fear.
(D) Dungeon
Where to? (* - list waypoints, ? - help)
What level of the Dungeon? (default 1, ? - help)
A lemure comes into view.
The lemure shouts!
A lemure comes into view.
A lemure comes into view.
The lemure shouts! x2
A quokka comes into view.
Pikel, Merchant of Souls comes into view.
He is wielding a +0 whip of freezing.
You closely miss the lemure. The lemure hits you.
A lemure comes into view.
You closely miss the lemure. x2
The lemure closely misses you. The lemure hits you.
You closely miss the lemure.
The lemure shouts!
You hit the lemure but do no damage. x2
The lemure hits you but does no damage. The lemure barely misses you.
The lemure hits you but does no damage. The lemure hits you.
The lemure hits you but does no damage. The lemure closely misses you.
You barely miss the lemure. You hit the lemure. You miss the lemure.
You barely miss the quokka. The quokka barely misses you.
The lemure barely misses you.
An iguana comes into view.
The lemure closely misses you. The lemure hits you.
The quokka barely misses you.
You closely miss the lemure.
The lemure is moderately wounded.
You barely miss the quokka. You closely miss the lemure.
The iguana hisses angrily.
You hit the lemure but do no damage. The quokka barely misses you.
The lemure hits you. The lemure hits you!
Pikel drinks a potion.
Pikel seems to speed up.
The lemure hits you.
You die...

.......#.....#.......#
#...#...........#
#..####.##......#
...##...###..#......#
....................##
.....##....###.......#
......#?...........#..#
...####............#..#
... #..r@....##.....## ..
#...555......)...#
..................## ###
##....5...........####.#
........#.....#...%.##..
........<.....##..#......
...K.#..l.........#......
..#...........#.##......
....## ###....


You could see Pikel (fast), 4 lemures, an iguana and a quokka.

Vanquished Creatures
  2 adders (D:5)
2 creatures vanquished.

Notes
Turn   | Place    | Note
-------+----------+-------------------------------------------
     0 | D:5      | qw the Gargoyle Delver began the quest for the Orb.
     0 | D:5      | Reached XP level 1. HP: 14/14 MP: 1/1
     0 | D:5      | 0 ||| qw: Version: 0.1-a-117-gfe26ee0
     0 | D:5      | 0 ||| qw: Game counter: 9946
     0 | D:5      | 0 ||| qw: Always use a shield: true
     0 | D:5      | 0 ||| qw: God list: Okawaru
     0 | D:5      | 0 ||| qw: Allow faded altars: false
     0 | D:5      | 0 ||| qw: Do Orc after D:15 true
     0 | D:5      | 0 ||| qw: Do second Lair branch before Depths: true
     0 | D:5      | 0 ||| qw: Lair rune preference: random
     0 | D:5      | 0 ||| qw: Plans: Normal
     0 | D:5      | 0 ||| PLANNING D:1-11
    46 | D:5      | Reached XP level 2. HP: 9/19 MP: 2/2
    88 | D:5      | 88 ||| Stepping ~*~*~tactically~*~*~ (stealth).
   270 | D:5      | 270 ||| DROPPING scroll of fog.
   271 | D:5      | 271 ||| DROPPING scroll of magic mapping.
   272 | D:5      | 272 ||| DROPPING scroll of fear.
   274 | D:5      | Noticed a lemure
   276 | D:5      | Noticed a lemure
   277 | D:5      | Noticed a lemure
   278 | D:5      | Noticed Pikel
   282 | D:5      | Noticed a lemure
   286 | D:5      | HP: 2/19 [lemure[Pikel] (7)]
   286 | D:5      | Slain by a lemure

Levels and vault maps discovered:
D:5:      layout_cave_pools, overflow_temple_1_default,
          minmay_temple_entry_crystal_x, serial_shops, nicolae_lakefront_shop,
          uniq_edmund, uniq_pikel, uniq_prince_ribbit1

Skill      XL: |  1 |
---------------+----+-----
Axes           | 2 |  2.9
Fighting       | |  3.2
Dodging        | |  1.5
Stealth        | |  5.4

Action                   || total
-------------------------++-------
Melee: Hand axe          ||    30
Armor: Leather armour    ||    19
Dodge: Dodged            ||    21

Table legend:
 A = Non-vault XP
 B = Vault XP
 C = Vault XP percentage of total XP
 D = Non-vault monster count
 E = Vault monster count
 F = Vault count percentage of total count
                 A         B        C        D         E       F
            +---------+---------+-------+---------+---------+-------
      Total |      27 |       0 |   0.0 |       2 |       0 |   0.0
            +---------+---------+-------+---------+---------+-------
        D:5 |      27 |       0 |   0.0 |       2 |       0 |   0.0
            +---------+---------+-------+---------+---------+-------
